[Event "Early-Titled-Tuesday-Blitz-February-06-2024"]
[Site "Chess.com"]
[Date "2024.02.06"]
[Round "7"]
[White "KetiTsatsalashvili"]
[Black "bilosuvenosu06"]
[Result "1-0"]
[WhiteElo "2447"]
[BlackElo "2580"]
[TimeControl "180+1"]
[EndTime "9:15:51 PST"]
[Termination "KetiTsatsalashvili won by resignation"]

1. d4 Nf6 2. Nf3 e6 3. e3 b6 4. Bd3 Bb7 5. Nbd2 Be7 6. O-O O-O 7. e4 d6 8. e5 dxe5 9. dxe5 Nd5 10. Ne4 Nd7 11.
a3 c5 12. Qe2 h6 13. c4 Nc7 14. Nd6 Bc6 15. Bf4 Ne8 16. Rad1 Nxd6 17. exd6 Bf6 18.
Ne5 Nxe5 19. Bxe5 Bxe5 20. Qxe5 Qd7 21. b4 cxb4 22. axb4 Rad8 23. c5 Rfe8 24. Rfe1 Bd5 25.
Re3 Kh8 26. Rg3 Rg8 27. Rh3 f6 28. Qe3 Qf7 29. Rxh6+ 1-0

[Event "Early-Titled-Tuesday-Blitz-February-06-2024"]
[Site "Chess.com"]
[Date "2024.02.06"]
[Round "7"]
[White "VinzentSpitzl"]
[Black "Flawless_Fighter"]
[Result "1-0"]
[WhiteElo "2471"]
[BlackElo "2712"]
[TimeControl "180+1"]
[EndTime "9:15:51 PST"]
[Termination "VinzentSpitzl won by resignation"]

1. e4 c5 2. Nf3 Nc6 3. d4 cxd4 4. Nxd4 e5 5. Nb5 d6 6. c4 g6 7. N1c3 a6 8. Na3 Be6 9. Be2 Bg7 10. Be3 Nf6 11. Nc2 Rc8 12. Qd2 O-O 13. O-O b5 14. cxb5 axb5 15. Bxb5 d5 16. exd5 Nxd5 17. Nxd5 Qxd5 18.
Qxd5 Bxd5 19. Rfd1 Be6 20. Bc5 Rfd8 21. Bxc6 Rxd1+ 22. Rxd1 Bf6 23. Nb4 e4 24. Bd4 Rd8 25.
Bd5 Be7 26. Bxe6 fxe6 27. Nc6 1-0

[Event "Early-Titled-Tuesday-Blitz-February-06-2024"]
[Site "Chess.com"]
[Date "2024.02.06"]
[Round "7"]
[White "Mops_2004"]
[Black "nikitadovbnya2008"]
[Result "1-0"]
[WhiteElo "2677"]
[BlackElo "2293"]
[TimeControl "180+1"]
[EndTime "9:15:55 PST"]
[Termination "Mops_2004 won by resignation"]

1. f4 e5 2. fxe5 d6 3. exd6 Bxd6 4. Nf3 g5 5. g3 Nc6 6. Nc3 h5 7. Ne4 Be7 8. Bg2 Bf5 9. d3 Bxe4 10.
dxe4 Qxd1+ 11. Kxd1 O-O-O+ 12. Bd2 g4 13. Ne1 Nf6 14.
Nd3 Rhe8 15. Rf1 h4 16. gxh4 Nd4 17. c3 Ne6 18. Kc2 Nh5 19. Be1 Bd6 20. e5 Bc5 21. Rxf7 Bg1 22. Bg3 Nxg3 23. Rxg1 Nxe2 24. Re1 Rxd3 25.
Rxe2 Red8 26. Be4 Rd1 27. Bf5 1-0

[Event "Early-Titled-Tuesday-Blitz-February-06-2024"]
[Site "Chess.com"]
[Date "2024.02.06"]
[Round "7"]
[White "ChessLebaneseSalah"]
[Black "GothamChess"]
[Result "0-1"]
[WhiteElo "2446"]
[BlackElo "2690"]
[TimeControl "180+1"]
[EndTime "9:15:55 PST"]
[Termination "GothamChess won by resignation"]

1. e4 d5 2. exd5 Qxd5 3. Nf3 Nf6 4. c4 Qa5 5. Nc3 Bg4 6. Be2 Nc6 7. d3 O-O-O 8. Bd2 Bxf3 9. Bxf3 Rxd3 10. Bxc6 bxc6 11. Qe2 Qf5 12. O-O-O e6 13. Be3 Rxc3+ 14. bxc3 Ba3+ 15. Kd2 Ne4+ 16. Ke1 Nxc3 17. Qd2 Nxd1 18. Qxd1 Bb4+ 19. Ke2 Qg4+ 20. f3 Qxg2+ 21. Bf2 Bc5 22. Rf1 Qxh2 23.
Qa4 Qe5+ 24. Kd2 Rd8+ 25. Kc1 Qc3+ 26. Kb1 Qd3+ 27. Kb2 Qe2+ 0-1

[Event "Early-Titled-Tuesday-Blitz-February-06-2024"]
[Site "Chess.com"]
[Date "2024.02.06"]
[Round "7"]
[White "mkllnd1517"]
[Black "ArturoCaceres"]
[Result "1-0"]
[WhiteElo "2360"]
[BlackElo "2483"]
[TimeControl "180+1"]
[EndTime "9:15:55 PST"]
[Termination "mkllnd1517 won by resignation"]

1. Nf3 Nf6 2. b3 b6 3. Bb2 Bb7 4. e3 e6 5. c4 Be7 6. Nc3 c5 7.
d4 cxd4 8. exd4 d5 9. Bd3 O-O 10.
O-O Nc6 11. Rc1 Rc8 12. Re1 dxc4 13. bxc4 Nb4 14. Be2 Ba6 15. Ne5 Nc6 16. Nxc6 Rxc6 17. d5 exd5 18. cxd5 Bxe2 19. Qxe2 Rc7 20. Rcd1 Rd7 21.
Ne4 Nxe4 22. Qxe4 Bf6 23. Ba3 Rd6 24. Bxd6 Qxd6 25. Qc4 Be5 26. h3 Bf6 27. Qc6 Qf4 28. d6 Bd4 29. Re2 Qf6 30. Qd5 Bc5 31. d7 Be7 32. Rxe7 Qxe7 33. d8=Q 1-0

[Event "Early-Titled-Tuesday-Blitz-February-06-2024"]
[Site "Chess.com"]
[Date "2024.02.06"]
[Round "7"]
[White "Kazan28"]
[Black "GelmanAlexander"]
[Result "0-1"]
[WhiteElo "2602"]
[BlackElo "2785"]
[TimeControl "180+1"]
[EndTime "9:15:58 PST"]
[Termination "GelmanAlexander won by resignation"]

1. d4 Nf6 2. Nf3 c5 3. d5 e6 4. Nc3 b5 5. dxe6 fxe6 6. Nxb5 d5 7. Nc3 Bb7 8. e4 d4 9. Bb5+ Nbd7 10. Ne5 dxc3 11.
Bxd7+ Nxd7 12. Qh5+ g6 13. Nxg6 Nf6 14. Qh3 hxg6 15.
Qxh8 cxb2 16. Bxb2 Qa5+ 17. Kf1 Nxe4 18. Bg7 O-O-O 19.
Bxf8 Qd2 20. Qh4 Ba6+ 21. c4 Bxc4+ 0-1

[Event "Early-Titled-Tuesday-Blitz-February-06-2024"]
[Site "Chess.com"]
[Date "2024.02.06"]
[Round "7"]
[White "SargissyanSargis"]
[Black "cristiano78"]
[Result "1-0"]
[WhiteElo "2405"]
[BlackElo "2269"]
[TimeControl "180+1"]
[EndTime "9:15:59 PST"]
[Termination "SargissyanSargis won by resignation"]

1. e4 c5 2. Nf3 d6 3. d4 cxd4 4. Nxd4 Nf6 5. Nc3 g6 6. Be3 Bg7 7. f3 O-O 8. Qd2 Nc6 9. O-O-O d5 10. exd5 Nxd5 11. Nxc6 bxc6 12. Bd4 e5 13. Bc5 Be6 14. Ne4 Rb8 15. h4 h6 16. g4 Re8 17. g5 h5 18. Bc4 Bf8 19. Bxf8 Kxf8 20. Qf2 Qb6 21.
Qc5+ Qxc5 22. Nxc5 Bf5 23. Bxd5 cxd5 24. Rxd5 Rbc8 25. Re1 Rc6 26. Rexe5 Rec8 27. b4 Kg7 28. Kb2 Rb6 29. a3 a5 30. c3 axb4 31. cxb4 Rbc6 32. Re7 Kf8 33. Ree5 Re8 34. Rxe8+ Kxe8 35. b5 Rb6 36. a4 1-0

[Event "Early-Titled-Tuesday-Blitz-February-06-2024"]
[Site "Chess.com"]
[Date "2024.02.06"]
[Round "7"]
[White "Thunderbolt135"]
[Black "Bodnar_Mykola"]
[Result "1-0"]
[WhiteElo "2700"]
[BlackElo "2503"]
[TimeControl "180+1"]
[EndTime "9:16:00 PST"]
[Termination "Thunderbolt135 won by resignation"]

1. b3 d5 2. Bb2 Bg4 3. h3 Bh5 4. Nf3 Bxf3 5. exf3 Nf6 6. g3 e6 7. Bg2 c5 8. O-O Nc6 9. f4 Be7 10. Re1 O-O 11. c4 dxc4 12. bxc4 Nd4 13. Nc3 Qc7 14.
a4 Rfd8 15. Nb5 Nxb5 16. axb5 a5 17. bxa6 Rxa6 18. Be5 Qd7 19. Rxa6 bxa6 20. Bc3 h6 21. Qa1 Qd6 22. Rd1 Nd7 23. Rb1 Bf6 24. Qa5 Bxc3 25.
Qxd8+ 1-0

[Event "Early-Titled-Tuesday-Blitz-February-06-2024"]
[Site "Chess.com"]
[Date "2024.02.06"]
[Round "7"]
[White "Elsa167"]
[Black "chegueps"]
[Result "1-0"]
[WhiteElo "2874"]
[BlackElo "2646"]
[TimeControl "180+1"]
[EndTime "9:16:03 PST"]
[Termination "Elsa167 won by resignation"]

1. e4 Nf6 2. d3 d5 3. e5 Nfd7 4. f4 c5 5. Nf3 Nc6 6. g3 e6 7.
Bg2 Be7 8. O-O O-O 9. c4 b5 10. cxd5 exd5 11. Nc3 Nb6 12. Nxb5 Bf5 13. h3 Nb4 14.
Ne1 c4 15. dxc4 Nxc4 16. Nd4 Be4 17. b3 Nb6 18. a3 Na6 19. Bb2 Nc5 20. f5 Bg5 21. Kh2 Rc8 22. Qg4 Bxg2 23. Kxg2 Bd2 24. f6 g6 25. Rd1 Be3 26. Nf5 h6 27. Nxe3 1-0

[Event "Early-Titled-Tuesday-Blitz-February-06-2024"]
[Site "Chess.com"]
[Date "2024.02.06"]
[Round "7"]
[White "eightbyeightchess"]
[Black "viktorgen2021"]
[Result "1-0"]
[WhiteElo "2377"]
[BlackElo "2541"]
[TimeControl "180+1"]
[EndTime "9:16:03 PST"]
[Termination "eightbyeightchess won by resignation"]

1. e4 g6 2. c3 Bg7 3. d4 d6 4. Bc4 Nf6 5. Nd2 d5 6. exd5 Nxd5 7. Ngf3 O-O 8. O-O c5 9. dxc5 Bf5 10. Nd4 Nc6 11. Nxf5 gxf5 12. Bb3 e6 13. Nc4 Qh4 14.
Nd6 Rad8 15. Bxd5 exd5 16. Nxf5 Qf6 17. Qg4 Qg6 18. Qxg6 hxg6 19. Nxg7 Kxg7 20. Bf4 d4 21. Bd6 Rfe8 22. cxd4 Nxd4 23. Rfe1 Nf5 24. Rxe8 Rxe8 25. b4 Re2 26. a4 Nxd6 27. cxd6 Rd2 28. g3 Rxd6 29.
Rc1 Rd4 30. Rb1 f5 31. Kg2 Kf6 32. a5 a6 33. b5 Kg5 34. bxa6 bxa6 35. Rb6 1-0

[Event "Early-Titled-Tuesday-Blitz-February-06-2024"]
[Site "Chess.com"]
[Date "2024.02.06"]
[Round "7"]
[White "zverr1"]
[Black "bogcsab"]
[Result "0-1"]
[WhiteElo "2556"]
[BlackElo "2478"]
[TimeControl "180+1"]
[EndTime "9:16:08 PST"]
[Termination "bogcsab won on time"]

1. e4 d6 2. d4 Nf6 3. Nc3 g6 4.
h3 Bg7 5. Be3 O-O 6. Nge2 Nbd7 7. g4 e5 8. Bg2 c6 9. a4 Qe7 10. O-O Ne8 11. Qd2 f5 12. exf5 gxf5 13. Bg5 Qf7 14. f4 e4 15. d5 Nb6 16. dxc6 Nc4 17. Qd5 Be6 18. Qb5 bxc6 19. Qxc6 Rc8 20. Qa6 Ne3 21.
gxf5 Bxf5 22. Bxe4 Nc7 23. Qxd6 Nxf1 24. Rxf1 Bxh3 25.
Rf3 Bf5 26. Rg3 Kh8 27. b3 Rfe8 28. Bxf5 Qxf5 29. Nb5 Nxb5 30. axb5 Rxe2 0-1

[Event "Early-Titled-Tuesday-Blitz-February-06-2024"]
[Site "Chess.com"]
[Date "2024.02.06"]
[Round "7"]
[White "Narek_Ghimoyan"]
[Black "Kaissa10"]
[Result "1/2-1/2"]
[WhiteElo "2418"]
[BlackElo "2301"]
[TimeControl "180+1"]
[EndTime "9:16:09 PST"]
[Termination "Game drawn by repetition"]

1. d4 d5 2. c4 e6 3. Nc3 Nf6 4. Nf3 Bb4 5. Bg5 h6 6. Bxf6 Qxf6 7. e3 O-O 8. Rc1 c5 9. dxc5 dxc4 10. Bxc4 Nc6 11. O-O Qe7 12. Ne4 Rd8 13. Qe2 f5 14.
Nd6 Kh8 15. a3 Bxc5 16. Nxc8 Raxc8 17. Bxe6 Qxe6 18. Rxc5 Qe7 19. Rfc1 Nd4 20. Qc4 Rxc5 21. Qxc5 Nxf3+ 22. gxf3 Rd1+ 23. Kg2 Qg5+ 24. Kh3 Qh5+ 25. Kg3 Qg5+ 26. Kh3 Qh5+ 27. Kg2 Qg5+ 28. Kh3 1/2-1/2

[Event "Early-Titled-Tuesday-Blitz-February-06-2024"]
[Site "Chess.com"]
[Date "2024.02.06"]
[Round "7"]
[White "AradNazari"]
[Black "RandomNoob04"]
[Result "1-0"]
[WhiteElo "2778"]
[BlackElo "2580"]
[TimeControl "180+1"]
[EndTime "9:16:10 PST"]
[Termination "AradNazari won by resignation"]

1. e4 e5 2. f4 Nf6 3. fxe5 Nxe4 4.
Nf3 d5 5. d3 Nc5 6. d4 Ne6 7.
c4 Bb4+ 8. Nc3 O-O 9. Bd2 Nxd4 10. cxd5 Bg4 11. Be2 Nxe2 12. Qxe2 Bxc3 13. Bxc3 Qxd5 14.
O-O Nc6 15. h3 Bh5 16. Qe3 Rae8 17. Qg5 Bxf3 18. Rxf3 f6 19. Qg3 Nxe5 20. Rf5 Qe4 21. Raf1 Kh8 22. Bxe5 c6 23. Bc3 Qe6 24. Kh2 Qxa2 25.
Rxf6 Rxf6 26. Rxf6 1-0

[Event "Early-Titled-Tuesday-Blitz-February-06-2024"]
[Site "Chess.com"]
[Date "2024.02.06"]
[Round "7"]
[White "Sokoloco"]
[Black "Let_it_be_1"]
[Result "1-0"]
[WhiteElo "2784"]
[BlackElo "2587"]
[TimeControl "180+1"]
[EndTime "9:16:10 PST"]
[Termination "Sokoloco won by resignation"]

1. b3 d5 2. Nf3 Nf6 3. e3 e6 4. d4 Be7 5. Bd3 O-O 6. Nbd2 Nbd7 7. O-O c5 8. Bb2 b6 9. Ne5 Bb7 10. f4 Ne4 11. Nxe4 dxe4 12. Bb5 Nxe5 13. dxe5 Qxd1 14. Rfxd1 Rfd8 15. Bd7 c4 16. bxc4 Bc5 17. Kf2 Kf8 18.
Ke2 Ke7 19. Bb5 a6 20. Ba4 f5 21. Bd4 Rac8 22. Bxc5+ Rxc5 23. Rxd8 Kxd8 24. Rd1+ Kc7 25. Rd7+ Kb8 26. Rxg7 Rxc4 27. Bb3 1-0

[Event "Early-Titled-Tuesday-Blitz-February-06-2024"]
[Site "Chess.com"]
[Date "2024.02.06"]
[Round "7"]
[White "Snegokhod"]
[Black "unclear15"]
[Result "0-1"]
[WhiteElo "2551"]
[BlackElo "2419"]
[TimeControl "180+1"]
[EndTime "9:16:12 PST"]
[Termination "unclear15 won by checkmate"]

1. b3 d5 2. Bb2 Bg4 3. h3 Bh5 4.
g4 Bg6 5. Bg2 e6 6. c4 Nc6 7. cxd5 exd5 8. d3 Bb4+ 9. Nd2 Nf6 10. a3 Bc5 11. Ngf3 Qd6 12. b4 Bb6 13. b5 Ne7 14.
Ne5 O-O 15. O-O c5 16. Qb3 Nd7 17. Ndf3 d4 18. Nxd7 Qxd7 19. Ne5 Qc7 20. f4 h5 21.
Rac1 Kh8 22. Bxd4 Qd6 23. Bb2 c4+ 24. Kh1 cxb3 25. f5 Bh7 26. Bxb7 Rad8 27. Bf3 Bd4 28.
Nc4 Qf6 29. Rb1 Bxb2 30. Rxb2 hxg4 31. hxg4 Rd4 32. Rxb3 Qh4+ 33. Kg2 Rxg4+ 34. Bxg4 Qxg4+ 35. Kf2 Nxf5 36. Ke1 Re8 37. e4 Rxe4+ 38. dxe4 Qxe4+ 39. Kd2 Qxc4 40. Rbf3 Nd4 41. Rxf7 Qd3+ 42. Ke1 Qe2# 0-1

[Event "Early-Titled-Tuesday-Blitz-February-06-2024"]
[Site "Chess.com"]
[Date "2024.02.06"]
[Round "7"]
[White "Perecke"]
[Black "PedroGil25"]
[Result "0-1"]
[WhiteElo "2574"]
[BlackElo "2411"]
[TimeControl "180+1"]
[EndTime "9:16:12 PST"]
[Termination "PedroGil25 won by checkmate"]

1. e4 c5 2. Nf3 e6 3. d4 cxd4 4. Nxd4 a6 5. Bd3 Qc7 6. O-O Nf6 7. Qe2 d6 8. c4 Be7 9. Nc3 O-O 10. Be3 b6 11. Rac1 Nbd7 12. f4 Bb7 13. Bb1 Rfe8 14. b4 Rad8 15. g4 g6 16. g5 Nh5 17.
f5 exf5 18. Nd5 Bxd5 19. cxd5 Qb7 20. Nc6 Rc8 21. Qc4 Bf8 22. Bf2 Ne5 23. Qb3 Nxc6 24. dxc6 Rxc6 25. Qd5 Rec8 26. exf5 Qd7 27. fxg6 hxg6 28.
Rce1 Nf4 29. Qf3 Ne6 30. h4 Rc3 31. Qg4 R8c4 32. Qg2 Nf4 33. Qa8 Qg4+ 34. Kh1 Rh3# 0-1

[Event "Early-Titled-Tuesday-Blitz-February-06-2024"]
[Site "Chess.com"]
[Date "2024.02.06"]
[Round "7"]
[White "NowInChess"]
[Black "SHIVACalypso"]
[Result "0-1"]
[WhiteElo "2337"]
[BlackElo "2510"]
[TimeControl "180+1"]
[EndTime "9:16:17 PST"]
[Termination "SHIVACalypso won by resignation"]

1. e4 Nc6 2. d4 e5 3. Nf3 exd4 4. Bc4 Nf6 5. e5 d5 6. Bb5 Ne4 7. Nxd4 Bd7 8. Bxc6 bxc6 9. O-O Bc5 10. f3 Ng5 11. f4 Ne6 12. Be3 Nxd4 13. Bxd4 Bxd4+ 14. Qxd4 O-O 15. Nd2 Bf5 16. Nb3 Bxc2 17. Nc5 Qh4 18. Rac1 Bf5 19. Rc3 Rab8 20. b3 a5 21. h3 Rb4 22. Qf2 Qe7 23.
g4 d4 24. Rcc1 Bc8 25. Nd3 c5 26. Nxb4 axb4 27. Qc2 Qh4 28. Qxc5 Qg3+ 29. Kh1 Bb7+ 30. Qc6 Bxc6+ 31. Rxc6 Qxh3+ 32. Kg1 Qxg4+ 33. Kh1 Qh3+ 34. Kg1 Qg3+ 35. Kh1 d3 36. Rxc7 d2 37. Rd7 Qh3+ 38. Kg1 Qxd7 0-1

[Event "Early-Titled-Tuesday-Blitz-February-06-2024"]
[Site "Chess.com"]
[Date "2024.02.06"]
[Round "7"]
[White "Juwen"]
[Black "Rurep26"]
[Result "1-0"]
[WhiteElo "2588"]
[BlackElo "2758"]
[TimeControl "180+1"]
[EndTime "9:16:20 PST"]
[Termination "Juwen won by resignation"]

1. e4 e6 2. d4 d5 3. exd5 e5 4. dxe5 Bc5 5. Nf3 Ne7 6. c4 Bf5 7. Bd3 O-O 8. O-O a5 9. Nc3 Na6 10. Bg5 Bg6 11. Bxg6 hxg6 12. Ne4 Qd7 13. e6 fxe6 14.
Ne5 Qe8 15. Nxc5 Nxc5 16. Bxe7 Qxe7 17. Nxg6 Qg5 18. Nxf8 Rxf8 19. Qd4 b6 20. Rae1 Rf4 21. Qe3 exd5 22. cxd5 Rf5 23. Qxg5 Rxg5 24. Rd1 Ne4 25. f4 Rf5 26. g4 Rf7 27. f5 Rd7 28. Rd4 Nf6 29.
Rfd1 Re7 30. g5 Nd7 31. Kf2 Nc5 32. Re1 Rd7 33. g6 Rd8 34. Re7 Nd7 35. d6 c5 36.
Rde4 Nf6 37. R4e6 1-0

[Event "Early-Titled-Tuesday-Blitz-February-06-2024"]
[Site "Chess.com"]
[Date "2024.02.06"]
[Round "7"]
[White "korkmaz16"]
[Black "bescmelasti"]
[Result "0-1"]
[WhiteElo "2518"]
[BlackElo "2686"]
[TimeControl "180+1"]
[EndTime "9:16:22 PST"]
[Termination "bescmelasti won by resignation"]

1. e4 e5 2. Nf3 Nc6 3. Bc4 Bc5 4. c3 Nf6 5. d4 exd4 6. cxd4 Bb4+ 7. Nc3 Nxe4 8. O-O Bxc3 9. d5 Bf6 10. Re1 Ne7 11.
Rxe4 d6 12. Bg5 Bxg5 13. Nxg5 h6 14.
Qa4+ Kf8 15. Nf3 Bf5 16. Re3 Qd7 17. Qb3 c6 18. Rae1 Nxd5 19. Bxd5 cxd5 20. Qxd5 Be6 21. Qa5 Kg8 22. Nd4 b6 23. Qd2 Re8 24. f4 Kh7 25. Qd3+ g6 26. f5 gxf5 27. Rf1 Rhg8 28. Ref3 Bd5 29. Rxf5 Rxg2+ 30. Kh1 Rd2+ 31. Rxd5+ Rxd3 32. Nf3 Rxd5 0-1

[Event "Early-Titled-Tuesday-Blitz-February-06-2024"]
[Site "Chess.com"]
[Date "2024.02.06"]
[Round "7"]
[White "CristianS27"]
[Black "angelgab3"]
[Result "0-1"]
[WhiteElo "2574"]
[BlackElo "2754"]
[TimeControl "180+1"]
[EndTime "9:16:25 PST"]
[Termination "angelgab3 won by resignation"]

1. e4 e5 2. Nf3 Nc6 3. Bc4 Nf6 4. d4 exd4 5. Ng5 d5 6. exd5 Na5 7. Qxd4 Qe7+ 8. Be3 Qb4+ 9. Nd2 Nxc4 10. Qxc4 Qxc4 11.
Nxc4 Nxd5 12. Bd2 h6 13. Ne4 Bf5 14. O-O-O O-O-O 15. Ng3 Bg6 16. Ne5 Bc5 17. Nxg6 fxg6 18. f3 Ne3 19. Bxe3 Bxe3+ 20. Kb1 h5 21. Ne4 g5 22.
Rhe1 g4 23. Rxd8+ Rxd8 24. fxg4 hxg4 25. c3 Bf4 26. g3 Bd2 27. Re2 Bh6 28. Kc2 Rd5 29.
Nf2 Ra5 30. a3 Rg5 31. Re4 Rd5 32. c4 Rd2+ 0-1

[Event "Early-Titled-Tuesday-Blitz-February-06-2024"]
[Site "Chess.com"]
[Date "2024.02.06"]
[Round "7"]
[White "Zhigalko_Sergei"]
[Black "Rikikits"]
[Result "1/2-1/2"]
[WhiteElo "2949"]
[BlackElo "2853"]
[TimeControl "180+1"]
[EndTime "9:16:27 PST"]
[Termination "Game drawn by repetition"]

1. e4 c6 2. d4 d5 3. e5 Bf5 4.
Nf3 e6 5. Be2 Nd7 6. O-O a5 7.
Nbd2 a4 8. c4 h6 9. a3 Ne7 10.
Re1 Bh7 11. h4 Ng6 12. g3 Be7 13. Bd3 Nxh4 14. Bxh7 Nxf3+ 15. Nxf3 Rxh7 16. cxd5 cxd5 17. Bd2 Nb6 18. b3 Kf8 19. bxa4 Kg8 20. Qb3 Nc4 21. Qxb7 h5 22. Bb4 Bxb4 23. axb4 Rb8 24. Qa7 Ra8 25.
Qb7 Rb8 26. Qa7 Ra8 27. Qb7 1/2-1/2

[Event "Early-Titled-Tuesday-Blitz-February-06-2024"]
[Site "Chess.com"]
[Date "2024.02.06"]
[Round "7"]
[White "DavidGavrilescu18"]
[Black "santosalberto1987"]
[Result "1-0"]
[WhiteElo "2775"]
[BlackElo "2575"]
[TimeControl "180+1"]
[EndTime "9:16:30 PST"]
[Termination "DavidGavrilescu18 won on time"]

1. e4 e6 2. d4 d5 3. e5 c5 4. c3 Qb6 5. Nf3 Nc6 6. Be2 cxd4 7. cxd4 Nh6 8. Bxh6 Qxb2 9. Nbd2 gxh6 10. O-O Qb6 11.
Nb3 Qc7 12. Ne1 Be7 13. f4 O-O 14. f5 exf5 15. Bd3 Be6 16. Bxf5 Qd7 17. Qh5 Bg5 18. Qh3 b6 19. Nd3 Ne7 20. Bxe6 fxe6 21. Qg4 Ng6 22. g3 Rxf1+ 23. Rxf1 Rf8 24. h4 Rxf1+ 25. Kxf1 Qb5 26. Ke2 Qa4 27. hxg5 Qxa2+ 28. Nd2 hxg5 29. Qxe6+ Kg7 30. Qf6+ Kg8 31. e6 Qa3 32. Ne5 Nxe5 33. dxe5 Qa6+ 34. Kf2 1-0

[Event "Early-Titled-Tuesday-Blitz-February-06-2024"]
[Site "Chess.com"]
[Date "2024.02.06"]
[Round "7"]
[White "guillembaches"]
[Black "mjray79"]
[Result "1-0"]
[WhiteElo "2574"]
[BlackElo "2713"]
[TimeControl "180+1"]
[EndTime "9:16:31 PST"]
[Termination "guillembaches won by resignation"]

1. d4 Nf6 2. Nf3 d5 3. Bg5 Ne4 4. Bh4 c5 5. e3 Nc6 6. Nbd2 cxd4 7. exd4 Bg4 8. Be2 Qd7 9. c3 e6 10. O-O Nxd2 11. Qxd2 Bd6 12. Rfe1 O-O 13. h3 Bf5 14. Bg5 Rac8 15. Bf1 f6 16. Bf4 Rfe8 17. Bxd6 Qxd6 18.
Nh4 Be4 19. f3 Bg6 20. Nxg6 hxg6 21. Rad1 Ne7 22. Bd3 Nf5 23. Bxf5 gxf5 24. Re3 Kf7 25. Rde1 g5 26. Qe2 Rc7 27. a3 Rce7 28. Qb5 Rh8 29.
Qb4 Qg3 30. Rxe6 Rxe6 31. Qxb7+ Kg6 32. Rxe6 Rxh3 33. Qe7 Qh2+ 34. Kf1 Qh1+ 35. Kf2 Rh7 36. Rxf6+ 1-0

[Event "Early-Titled-Tuesday-Blitz-February-06-2024"]
[Site "Chess.com"]
[Date "2024.02.06"]
[Round "7"]
[White "Viktor_Poddubnyi"]
[Black "zsoltkorpics"]
[Result "0-1"]
[WhiteElo "2266"]
[BlackElo "2471"]
[TimeControl "180+1"]
[EndTime "9:16:31 PST"]
[Termination "zsoltkorpics won on time"]

1. e4 c5 2. Nf3 e6 3. g3 Nc6 4. Bg2 Nf6 5. e5 Ng4 6. b4 Nxb4 7. h3 Nh6 8. d4 cxd4 9. c3 Nd5 10. cxd4 Bb4+ 11.
Bd2 Bxd2+ 12. Nbxd2 O-O 13. O-O d6 14. Ne4 dxe5 15.
dxe5 Nf5 16. g4 Nh4 17. Nd6 Nxg2 18. Kxg2 b6 19. Nd4 Qd7 20. Rc1 Bb7 21. Nxb7 Qxb7 22.
Qf3 Rac8 23. Kg3 Qa6 24. a3 Qa4 25. Qd3 Rc5 26. Rxc5 bxc5 27. Nf3 Qf4+ 28. Kg2 c4 29. Qd4 Qxd4 30. Nxd4 Rb8 31. Nc6 Rb3 0-1

[Event "Early-Titled-Tuesday-Blitz-February-06-2024"]
[Site "Chess.com"]
[Date "2024.02.06"]
[Round "7"]
[White "yobdc"]
[Black "GMRAVEN_ON_YOUTUBE"]
[Result "1-0"]
[WhiteElo "2613"]
[BlackElo "2766"]
[TimeControl "180+1"]
[EndTime "9:16:32 PST"]
[Termination "yobdc won by resignation"]

1. c4 f5 2. d4 Nf6 3. g3 g6 4. Bg2 Bg7 5. Nh3 O-O 6. O-O d6 7. d5 c6 8. Nc3 e5 9. dxe6 Qe7 10. Bf4 Rd8 11. Bg5 Bxe6 12. b3 h6 13. Bxf6 Qxf6 14. Rc1 g5 15. f4 Qd4+ 16. Kh1 g4 17. Nf2 Qe3 18. Qc2 Na6 19. Ncd1 Qc5 20. e4 Nb4 21. Qe2 a5 22. Ne3 Re8 23. a3 Na6 24. Qd3 Bd4 25.
exf5 Bf7 26. Nexg4 h5 27. Nh6+ Kg7 28. Nxf7 Bxf2 29.
Ng5 Nc7 30. f6+ Kxf6 31. Qh7 Rf8 32. Ne4+ 1-0

[Event "Early-Titled-Tuesday-Blitz-February-06-2024"]
[Site "Chess.com"]
[Date "2024.02.06"]
[Round "7"]
[White "NovozhilovSemen"]
[Black "Payyappat"]
[Result "0-1"]
[WhiteElo "2674"]
[BlackElo "2508"]
[TimeControl "180+1"]
[EndTime "9:16:32 PST"]
[Termination "Payyappat won by resignation"]

1. d4 Nf6 2. Nf3 c5 3. d5 e6 4. c4 exd5 5. cxd5 d6 6. Nc3 g6 7.
h3 Bg7 8. e4 O-O 9. Bd3 a6 10. a4 Re8 11. O-O Nbd7 12. Re1 Nh5 13. Bf1 Ne5 14. Nxe5 Bxe5 15. g3 Qf6 16. Qc2 Bd4 17.
Be3 Bd7 18. Kh2 b5 19. axb5 axb5 20. Rxa8 Rxa8 21. Nxb5 Bxe3 22. Rxe3 Bxb5 23. Bxb5 Rb8 24. Rb3 Qd4 25. Kg2 Nf6 26. f3 Nh5 27. Qe2 Ra8 28.
Bc4 Ra1 29. Re3 Rb1 30. Bd3 Rxb2 31. Bc2 Rxc2 32. Qxc2 0-1

[Event "Early-Titled-Tuesday-Blitz-February-06-2024"]
[Site "Chess.com"]
[Date "2024.02.06"]
[Round "7"]
[White "LeRoidesChampions"]
[Black "vovachesss"]
[Result "0-1"]
[WhiteElo "2623"]
[BlackElo "2831"]
[TimeControl "180+1"]
[EndTime "9:16:33 PST"]
[Termination "vovachesss won by resignation"]

1. b3 c5 2. Bb2 Nf6 3. c4 d5 4. cxd5 Nxd5 5. a3 Nc6 6. e3 e5 7. Nc3 Nxc3 8. Bxc3 Bd6 9. Qc2 O-O 10. Nf3 f5 11. h4 e4 12. Bc4+ Kh8 13. Ng5 Qe7 14.
Qb2 Ne5 15. Bd5 Nd3+ 16. Ke2 Nxb2 17. Bxb2 Be5 18. Bxe5 Qxe5 19. Nf7+ Rxf7 20. Bxf7 Be6 21. Bxe6 Qxe6 22. Rab1 Rd8 23. Rhc1 Qd5 24. Rb2 b6 25. Rc3 Qf7 26. g3 Qh5+ 27. Ke1 Qf3 28. b4 cxb4 29. axb4 h6 30. Ra2 Rd7 31. Rc8+ Kh7 32. Rc3 g5 33. hxg5 hxg5 34. b5 Kg6 35. Rc6+ Kh5 36. Rc8 Kg4 37.
Rh8 Rc7 38. Ra1 Rc2 39. Rh2 Rb2 40. Kf1 Rxd2 41. Re1 Rb2 42. Kg1 Rxb5 43. Rg2 Rd5 44. Kh2 Rd1 45. Rxd1 Qxd1 46. f4 exf3 47. Rf2 Qe2 48.
Kg1 Kxg3 49. Kh1 0-1

[Event "Early-Titled-Tuesday-Blitz-February-06-2024"]
[Site "Chess.com"]
[Date "2024.02.06"]
[Round "7"]
[White "Balla_Tamas"]
[Black "maximnovik"]
[Result "0-1"]
[WhiteElo "2410"]
[BlackElo "2600"]
[TimeControl "180+1"]
[EndTime "9:16:33 PST"]
[Termination "maximnovik won by resignation"]

1. e4 c6 2. d4 d5 3. e5 Bf5 4. h4 Qb6 5. Bd3 Qxd4 6. Nf3 Qg4 7.
Be3 Bxd3 8. Qxd3 Qb4+ 9. Nc3 e6 10. a3 Qa5 11. O-O Ne7 12. b4 Qc7 13. Bc5 Nc8 14.
Bxf8 Kxf8 15. Ne2 Nb6 16. Nf4 N8d7 17. Rfe1 Nc4 18. Ng5 Re8 19. Qf3 Ke7 20. Nxf7 Rhf8 21. Nd6 Ndxe5 22. Qg4 Qxd6 23. Qg5+ Kd7 24. Qxg7+ Rf7 25.
Qg5 Rf5 26. Qh6 Qf8 27. Qxh7+ Re7 0-1

[Event "Early-Titled-Tuesday-Blitz-February-06-2024"]
[Site "Chess.com"]
[Date "2024.02.06"]
[Round "7"]
[White "NastyaHn"]
[Black "IngOscarArdila"]
[Result "0-1"]
[WhiteElo "2365"]
[BlackElo "2223"]
[TimeControl "180+1"]
[EndTime "9:16:34 PST"]
[Termination "IngOscarArdila won by resignation"]

1. Nc3 Nf6 2. Nf3 d6 3. e4 Nbd7 4. d4 e5 5. dxe5 dxe5 6. Bg5 Bb4 7.
Bxf6 Bxc3+ 8. bxc3 Qxf6 9. Bc4 O-O 10. O-O Nb6 11. Be2 Rd8 12. Qc1 h6 13. Qe3 Bg4 14. Rfd1 Bxf3 15. Bxf3 Rxd1+ 16. Rxd1 Rd8 17. Rd3 Rxd3 18.
cxd3 Qd6 19. Be2 Qa3 20. Qd2 c5 21. g3 Na4 22. Bd1 Qxc3 23. Qxc3 Nxc3 24. Bb3 Kf8 25. Kf1 b5 26. Ke1 a5 27. Kd2 b4 28.
Bc4 Ke7 29. f4 f6 30. f5 Kd6 31. h4 Kc6 32. Ke1 a4 33. Kd2 Kb6 34. g4 Ka5 35.
Be6 Nb5 36. Bc4 Nd4 37. Ke3 b3 38. axb3 axb3 39. Kd2 Kb4 40. Kc1 Kc3 41. Kb1 b2 42. h5 Nf3 0-1